Mecha, lawful female human Samurai --- ---.-- |....| ---.|.... |...|.... .|.--|.... .h&.| |.-- ..s)-- |.| ..@.| |.- ---- |.. Mecha the Kunoichi Experience level: 6 Strength: 13 Dexterity: 14 Constitution: 18 Intelligence: 10 Wisdom: 8 Charisma: 10 Health: 0(64) Energy: 21(21) Def: 9 Gold: 453 Moves: 2826 Dungeon seed: gfyvntV2Mz8oMueW Game ID: Mecha_1477391581 Your Inventory: Coins $ - 453 gold pieces Weapons a - a +0 katana (weapon in hand) b - a +0 wakizashi (alternate weapon; not wielded) c - a +0 yumi d - 33 +0 ya G - 8 +0 arrows H - 6 blessed +2 arrows (in quiver) Armor e - an uncursed rustproof +0 splint mail (being worn) n - an uncursed +0 orcish helm (being worn) q - an uncursed +0 pair of iron shoes (being worn) r - an uncursed +0 dwarvish cloak (being worn) Comestibles w - an uncursed apple z - an uncursed fortune cookie A - an uncursed egg B - 2 uncursed gunyoki Scrolls s - a blessed scroll of identify Potions m - a potion of holy water F - an uncursed potion of full healing Rings f - an uncursed ring of teleport control l - a cursed -1 ring of gain strength E - an uncursed ring of protection from shape changers Wands C - a wand of sleep (0:6) Tools i - an uncursed blindfold x - 5 cursed tallow candles (0:200) y - 11 uncursed tallow candles (0:200) D - an uncursed osaku I - an uncursed towel J - a blessed partly used wax candle (lit) (0:379) Spells and supernatural/magical abilities: Name Level Category Fail Memory W - pray for help -- divine ? -- Your skills at the end: Fighting Skills martial arts [Basic] Weapon Skills short sword [Basic] long sword [Skilled] bow [Basic] Spellcasting Skills Final Attributes: You were piously aligned. You were fast. You are dead. Vanquished creatures: a gnome king a blue jelly a wood nymph a rock mole a pony a yellow light 4 gnome lords a gnomish wizard a kobold mummy a red naga hatchling 2 dwarves 3 rothes a giant bat 3 monkeys 2 dwarf zombies a killer bee a coyote a hobbit a giant rat 2 yellow molds 21 gnomes 5 garter snakes 2 geckos 4 jackals 3 foxes a kobold 2 goblins 3 grid bugs 3 bats a lichen 7 newts 82 creatures vanquished. Voluntary challenges: You used a wielded weapon 115 times, starting on turn 160. You were illiterate. You never genocided any monsters. You never polymorphed an object. You never changed form. You used no wishes. You never split a pudding. You never wrote Elbereth's name. You violated your moral code, losing 34 points of alignment, starting on turn 798. Dungeon overview: The Dungeons of Doom: levels 1 to 4 Level 1 an altar to Amaterasu Omikami a long staircase Level 2 Level 3 Level 4 stairs to The Gnomish Mines The Gnomish Mines: levels 5 to 8 Level 5 stairs to The Dungeons of Doom Level 6 Level 7 a fountain Level 8 <- You were here History has recorded: On T:1 you entered the Dungeons of Doom to retrieve the Amulet of Yendor! On T:322 you advanced to experience level 2. On T:570 you reached level 2 of The Dungeons of Doom. On T:835 you advanced to experience level 3. On T:1067 you reached level 3 of The Dungeons of Doom. On T:1452 you reached level 4 of The Dungeons of Doom. On T:1539 you reached level 1 of The Gnomish Mines. On T:1587 you advanced to experience level 4. On T:1670 you advanced to experience level 5. On T:1825 you reached level 2 of The Gnomish Mines. On T:2124 you advanced to experience level 6. On T:2682 you reached level 3 of The Gnomish Mines. On T:2801 you reached level 4 of The Gnomish Mines. Score breakdown: Gold: 453 ( 9038 points) Experience: 6 levels (12456 points) Exploration: 8 levels ( 17.02%) (11702 points) Discoveries: 4 items ( 1.63%) ( 3825 points) Valuables value: (no points given unless you survive) Artifact value: 0 ( 0 points) Variety of kills: 31 monsters ( 8.14%) ( 8557 points) Turncount: 2826 turns ( -511 points) Survival: died (score multiplied by 80%) Total score: 36053 Latest messages: The gnome king hits! The giant spider bites! You hit the gnome king. The giant spider bites! The sleep ray hits the gnome king. The giant spider misses. You hit the gnome king! The gnome king drinks a smoky potion! In a cloud of smoke, a djinni emerges! The djinni speaks. "You freed me!" The giant spider misses. You kill the gnome king! The giant spider bites! Pick an object. Never mind. You miss the giant spider. The giant spider bites! You die... Final status: Sayonara Mecha the Samurai, killed by a giant spider... You died in The Gnomish Mines on dungeon level 8 with 36053 points, and 453 pieces of gold, after 2826 moves. You were level 6 with a maximum of 64 hit points when you died.